 Dungeon Crawl Stone Soup version 0.27.0-1-g7a089689b8 (webtiles) character file.

Game seed: 12986066582957195017

44 freelancePsychic the Digger (level 3, 0/28 HPs)
             Began as a Gargoyle Earth Elementalist on Aug 11, 2021.
             Slain by Terence (1 damage)
             ... on level 2 of the Dungeon.
             The game lasted 00:05:54 (2350 turns).

freelancePsychic the Digger (GrEE)                  Turns: 2350, Time: 00:05:54

Health: 0/28       AC: 21    Str: 11    XL:     3   Next: 62%
Magic:  0/6        EV:  2    Int: 16    God:
Gold:   80         SH:  0    Dex: 10    Spells: 3/7 levels left

rFire    . . .     SeeInvis .   d - +0 quarterstaff
rCold    . . .     Faith    .   (shield currently unavailable)
rNeg     + + +     Spirit   .   (armour currently unavailable)
rPois    ∞         Reflect  .   (helmet currently unavailable)
rElec    .         Harm     .   (cloak currently unavailable)
rCorr    .         Rampage  .   (gloves currently unavailable)
Will     .....     NoTele   +   (boots currently unavailable)
Stlth    ++........             (no amulet)
HPRegen  0.09/turn              (no ring)
MPRegen  0.10/turn              (no ring)

@: tree-form
A: stationary, stasis, torment immunity, boosted hp, sickness immunity, AC +3,
negative energy resistance 1, (electricity resistance), torment resistance 1,
petrification resistance
a: no special abilities


You were on level 2 of the Dungeon.
You were a tree.
You visited 1 branch of the dungeon, and saw 2 of its levels.

You collected 80 gold pieces.

Inventory:

Hand Weapons
 d - a +0 quarterstaff (weapon)
 f - a +1 dagger
Missiles
 c - 25 stones
Armour
 b - a +0 robe (melded)
 e - a +0 cloak (melded)
 i - a +0 pair of boots (melded)
Scrolls
 h - a scroll of enchant weapon


   Skills:
 - Level 1.5 Dodging
 - Level 2.1 Stealth
 - Level 2.5 Spellcasting
 + Level 2.0 Conjurations
 - Level 0.7 Transmutations
 + Level 4.3 Earth Magic


You had 3 spell levels left.
You knew the following spells:

 Your Spells              Type           Power      Damage    Failure   Level
a - Sandblast             Erth           30%        2d9       3%          1
b - Stone Arrow           Conj/Erth      24%        3d8       16%         3

Your spell library contained the following spells:

 Spells                   Type           Power      Damage    Failure   Level
 Passwall                 Tmut/Erth      8%         N/A       11%         2
 Petrify                  Tmut/Erth      10%        N/A       56%         4
 Malign Gateway           Summ/Tloc      1%         N/A       100%        7
 Summon Horrible Things   Summ           1%         N/A       100%        8


Dungeon Overview and Level Annotations

Branches:
Dungeon (2/15)

Altars:
Xom

Shops:
D:2 :[

Annotations:
D:2 Terence


Innate Abilities, Weirdness & Mutations

You are a tree.
Your roots penetrate the ground, keeping you stationary.
You cannot be teleported.
You are immune to unholy pain and torment.
Your maximum health is greatly increased.
Your equipment is partially melded.
You are immune to sickness and miasma.
((Your stone body is resilient. (AC +3)))
You are immune to poison.
You resist negative energy. (rN+)
((You are resistant to electric shocks. (rElec)))
You are resistant to unholy torment.
You are immune to petrification.


Message History

Casting: Sandblast (safe; 3% risk of failure)
Confirm with . or Enter, or press ? or * to list all spells.
You don't have enough magic to cast this spell.
Unknown command.
You closely miss Terence.
Terence is heavily wounded.
Terence hits you but does no damage.
Terence hits you with a +1 vorpal hand axe.
* * * LOW HITPOINT WARNING * * *
Casting: Sandblast (safe; 3% risk of failure)
Confirm with . or Enter, or press ? or * to list all spells.
Aiming: Sandblast (safe; 3% risk of failure)
Press: ? - help, Shift-Dir - straight line, f/p - Terence
Aim: Terence, wielding a +1 vorpal hand axe and wearing a +0 chain mail (heavily wounded, 85% to hit)
The blast of sand hits Terence but does no damage.
Terence is heavily wounded.
Terence hits you but does no damage.
You hit Terence.
Terence is severely wounded.
Terence drinks a potion.
Terence is healed!
You hit Terence.
Terence is heavily wounded.
Terence hits you but does no damage.
You hit Terence.
Terence is severely wounded.
Terence hits you with a +1 vorpal hand axe.
* * * LOW HITPOINT WARNING * * *
x2 You hit Terence.
Terence is almost dead.
Terence hits you with a +1 vorpal hand axe.
* * * LOW HITPOINT WARNING * * *
x2 Terence hits you but does no damage.
You barely miss Terence.
Terence is almost dead.
Terence hits you but does no damage.
You hit Terence.
Terence is almost dead.
Terence hits you with a +1 vorpal hand axe.
* * * LOW HITPOINT WARNING * * *
You die...

#.#.#
#.#.########
#..........#
#..∩.......###
#†............
#..........##
#...........#
#..@........#
#..♣........#
#...........#
##........∩.#
#...........#
####.########
#÷# #.# #.#
#.#


You could see Terence.

Vanquished Creatures
  6 ball pythons
  A bat (D:1)
  6 endoplasms
  A giant cockroach (D:1)
  4 goblins
  2 hobgoblins (D:1)
  9 jackals
  A quokka (D:1)
  A frilled lizard (D:2)
  A kobold (D:2)
  6 rats
38 creatures vanquished.

Notes
Turn   | Place    | Note
-------+----------+-------------------------------------------
     0 | D:1      | freelancePsychic the Gargoyle Earth Elementalist began the
                  | quest for the Orb.
     0 | D:1      | Reached XP level 1. HP: 10/10 MP: 3/3
   211 | D:1      | Reached XP level 2. HP: 8/15 MP: 3/5
   397 | D:1      | Reached skill level 1 in Conjurations
   447 | D:1      | Reached skill level 4 in Earth Magic
  1044 | D:1      | Reached XP level 3. HP: 11/19 MP: 6/6
  1048 | D:1      | Learned a level 3 spell: Stone Arrow
  1338 | D:1      | Found a faded altar of an unknown god.
  1628 | D:2      | Noticed Terence
  1956 | D:2      | Found a shimmering altar of Xom.
  2289 | D:2      | Found Roulekuf's Antique Armour Boutique.
  2291 | D:2      | Found Plog's Book Shop.
  2350 | D:2      | HP: 1/28 [Terence (1)]
  2350 | D:2      | Slain by Terence

Illustrated notes

Levels and vault maps discovered:
D:1:      saegor_arrival_simple_d, layout_rooms, ebering_ecumenical_altar_mist,
          dk_noncrumbling_2, minivault_5
D:2:      layout_basic, basic_altar, serial_shops, shop, shop, shop,
          nicolae_shop_trees, shop, minmay_statues_item, uniq_terence

Skill      XL: |  1  2  3 |
---------------+----------+-----
Conjurations   | 1 2 |  2.0
Earth Magic    | 4 |  4.3
Dodging        | |  1.5
Stealth        | |  2.1
Spellcasting   | |  2.5
Transmutations | |  0.7

Action                   || total
-------------------------++-------
Melee: Club              ||    32
       Unarmed           ||     4
       Dagger            ||   116
       Quarterstaff      ||     8
 Cast: Sandblast         ||    25
  Use: Scroll            ||     2
       Potion            ||     2
 Stab: Sleeping          ||     5
Armor: Robe              ||    70
       Skin              ||     6
Dodge: Dodged            ||   135
